 Dungeon Crawl Stone Soup version 0.28.0-43-g3370ac3207 (webtiles) character file.

Game seed: 14456347062006597994

2 cbfl8 the Sneak (level 1, -3/19 HPs)
             Began as a Minotaur Delver on Mar 24, 2022.
             Succumbed to a kobold brigand's poison
             ... on level 5 of the Dungeon.
             The game lasted 00:00:38 (138 turns).

cbfl8 the Sneak (Minotaur Delver)                    Turns: 138, Time: 00:00:38

Health: -3/19      AC:  3    Str: 16    XL:     1   Next: 33%
Magic:  0/0        EV: 11    Int:  7    God:
Gold:   0          SH:  0    Dex: 11    Spells: 0/0 levels left

rFire   . . .      SeeInvis .   a - +0 hand axe
rCold   . . .      Faith    .   (no shield)
rNeg    . . .      Spirit   .   b - +0 leather armour
rPois   .          Reflect  .   (helmet restricted)
rElec   .          Harm     .   (no cloak)
rCorr   .          Rampage  .   (no gloves)
Will    .....                   (no boots)
Stlth   ++........              (no amulet)
HPRegen 0.06/turn               (no ring)
MPRegen 0.07/turn               (no ring)

@: lethally poisoned (-3 -> -22)
A: horns 2, retaliatory headbutt
a: no special abilities


You were on level 5 of the Dungeon.
You visited 1 branch of the dungeon, and saw 2 of its levels.

Inventory:

Hand Weapons
 a - a +0 hand axe (weapon)
Armour
 b - a +0 leather armour (worn)
Wands
 g - a wand of digging (3)
Scrolls
 c - a scroll of fog
Potions
 f - a potion of haste


   Skills:
 + Level 3.6 Fighting
 + Level 2.4 Axes
 + Level 2.1 Dodging
 + Level 4.2 Stealth


You couldn't memorise any spells.
You didn't know any spells.
Your spell library was empty.

Dungeon Overview and Level Annotations

Branches:
Dungeon (6/15)             Temple (0/1) D:5

Altars:

Shops:
D:5 !


Innate Abilities, Weirdness & Mutations

You have a pair of horns on your head.
You reflexively headbutt those who attack you in melee.


Message History

You feel sick.
The kobold shoots a bolt.
The bolt misses you.
Okay, then.
As you read the scroll of fear, it crumbles to dust.
You assume a fearsome visage.
The kobold brigand looks frightened!
The kobold looks frightened! x2; You feel sick.
You feel sick.
You feel sick.
You feel sick.
You feel sick.
You are no longer poisoned.
There is an open door here.
There is a stone staircase leading down here.
You climb downwards.
You hear the hiss of flowing sand.
There is an entrance to an ossuary on this level.
Hurry and find it before the portal is buried!
There is a stone staircase leading up here.
You start resting.
You hear the slow hiss of a distant avalanche of sand.
You climb upwards.
There is a stone staircase leading down here.
You start resting.
A kobold brigand is nearby!
A kobold brigand is nearby!
A kobold brigand is nearby!
The kobold brigand throws a poisoned dart.
The poisoned dart barely misses you.
There is an open door here.
Found 25 stones.
The kobold brigand throws a poisoned dart.
The poisoned dart barely misses you.
The kobold brigand throws a poisoned dart.
The poisoned dart hits you!
You are lethally poisoned!
You feel sick.
The kobold brigand throws a poisoned dart.
The poisoned dart hits you!
You are more poisoned.
The kobold shoots a bolt.
The bolt hits you.
* * * LOW HITPOINT WARNING * * *
You die...

**,***,,,***** *#....,,,,,,,**
*#.....,,,,,,,*,
*#......,,,,,,,*,
*...(...,,,,*,**,
*.......,,,,*****
*.......,,,,*≈≈≈≈
#####.......,,,,*≈,,,
#####...@..#*,,,,,,,*≈,,,
##..#....##..#,,,,,,,*≈,,,
##K.....###,,....******≈*,*
#.K#'#..#**,,,...#≈≈≈≈≈≈*,*
####.#.#..#*,,,,,..#≈,,,**≈,≈
#.##.#.#......,,,,.+,,,,,,,,,
###.#..#>####...,**,*#≈,,,**≈,≈
#..(...≈.≈.......,,,**≈≈≈≈≈≈*,*
#..#..)≈.≈.......,,,,******≈*,*


There were no monsters in sight!

Vanquished Creatures
  2 kobolds (D:5)
2 creatures vanquished.

Notes
Turn   | Place    | Note
-------+----------+-------------------------------------------
     0 | D:5      | cbfl8 the Minotaur Delver began the quest for the Orb.
     0 | D:5      | Reached XP level 1. HP: 19/19 MP: 0/0
    46 | D:5      | Noticed a kobold brigand
   138 | D:5      | Succumbed to a kobold brigand's poison

Illustrated notes

Levels and vault maps discovered:
D:5:      layout_cave_pools, minmay_temple_entry_glass, serial_shops,
          nicolae_shop_hallway_stairs, kennysheep_minor_cross, uniq_edmund
D:6:      cheibrodos_barr_body, layout_basic, nicolae_ru_sacrificial_ziggurat,
          mainiacjoe_overflow_swirl, enter_ossuary_3, uniq_blork_the_orc

Action                   || total
-------------------------++-------
Melee: Hand axe          ||     5
  Use: Scroll            ||     2
Armor: Leather armour    ||     3
Dodge: Dodged            ||     8
